 Dungeon Crawl Stone Soup version 0.22-a0-414-gacd343e8ff (webtiles) character file.

368 Dreamer the Insei (level 6, -3/39 HPs)
             Began as an Octopode Transmuter on May 13, 2018.
             Slain by a bullfrog (6 damage)
             ... in a sewer.
             The game lasted 00:08:54 (3991 turns).

Dreamer the Insei (Octopode Transmuter)             Turns: 3991, Time: 00:08:55

Health: -3/39      AC:  1    Str: 10    XL:     6   Next: 69%
Magic:  9/9        EV: 10    Int: 17    God:
Gold:   31         SH:  3    Dex: 12    Spells: 2/10 levels left

rFire    . . .     SeeInvis .     - Unarmed
rCold    . . .     Gourm    .   (no shield)
rNeg     . . .     Faith    .   (helmet restricted)
rPois    .         Spirit   .   b - +3 amulet of reflection
rElec    .         Reflect  +   (no ring)
rCorr    .         Harm     .   (no ring)
MR       .....                  (no ring)
Stlth    ++........             (no ring)
HPRegen  0.13/turn              (no ring)
MPRegen  0.11/turn              (no ring)
                                (no ring)
                                (no ring)

@: appendage, constricted
A: almost no armour, stealthy swim, amphibious, 8 rings, constrict 8, tentacle
spike 3, camouflage 1, gelatinous body 1
a: End Transformation


You were in a sewer.
You were not hungry.
One of your tentacles had a temporary spike.
You visited 1 branch of the dungeon, and saw 3 of its levels.
You also visited: Sewer.

You collected 31 gold pieces.

Inventory:

Missiles
 m - 4 javelins (quivered)
Jewellery
 b - a +3 amulet of reflection (around mantle)
 j - a +3 ring of protection {unknown}
Scrolls
 d - a scroll of magic mapping {unknown}
 e - a scroll of remove curse {unknown}
 f - 2 scrolls of fear {unknown}
 i - 3 scrolls of teleportation {unknown}
 l - 3 scrolls of fog
Potions
 g - a potion of might {unknown}
 h - 2 potions of degeneration {unknown}
 k - a potion of curing {unknown}
 n - 3 potions of brilliance {unknown}
 o - a potion of magic {unknown}
Comestibles
 a - 8 chunks of flesh
 c - 3 rations


   Skills:
 - Level 2.0 Fighting
 - Level 2.0 Dodging
 - Level 4.1 Unarmed Combat
 - Level 2.6 Spellcasting
 + Level 4.1 Transmutations
 + Level 3.5 Ice Magic


You had 2 spell levels left.
You knew the following spells:

 Your Spells              Type           Power        Failure   Level  Hunger
a - Beastly Appendage     Tmut           ###...       3%          1    #......
b - Spider Form           Tmut/Pois      #.........   24%         3    ###....
c - Ice Form              Ice/Tmut       ###.....     36%         4    #####..

Your spell library contained the following spells:

 Spells                   Type           Power        Failure   Level  Hunger
 Blade Hands              Tmut           ###.......   67%         5    ######.
 Sticks to Snakes         Tmut           ###.....     4%          2    ##.....


Dungeon Overview and Level Annotations

Branches:
Dungeon (3/15)

Altars:
Gozag
Kikubaaqudgha
Sif Muna
Xom
Zin


Innate Abilities, Weirdness & Mutations

You cannot wear most types of armour.
You are very stealthy in the water. (Stealth+)
You are amphibious.
You can wear up to eight rings at the same time.
You can use your tentacles to constrict eight enemies at once.
Your skin changes colour to match your surroundings (Stealth+).
Your rubbery body absorbs attacks. (AC +1, EV +1)
One of your tentacles bears a large vicious spike.


Message History

You constrict the bullfrog, but do no damage.
The bullfrog barely misses you. The ball python bites you.
The ball python constricts you. The bullfrog hits you!
You tentacle-slap the bullfrog.
You pierce the bullfrog.
The bullfrog is moderately wounded.
You constrict the bullfrog. The bullfrog hits you.
* * * LOW HITPOINT WARNING * * *
The ball python misses you.
* * * LOW HITPOINT WARNING * * *
The ball python constricts you.
A ball python comes into view.
You tentacle-slap the bullfrog but do no damage.
The bullfrog is heavily wounded.
You constrict the bullfrog. The bullfrog hits you.
* * * LOW HITPOINT WARNING * * *
The ball python bites you but does no damage.
* * * LOW HITPOINT WARNING * * *
The ball python constricts you. The ball python closely misses you.
The bullfrog hits you.
You die...

###################
###..≈≈≈≈≈≈≈≈FS≈≈≈≈≈#.
##....≈≈≈≈≈≈≈@Sl≈≈≈≈≈..
#.....≈≈≈≈≈≈≈≈S#≈≈≈≈J≈S
#.....≈≈≈≈≈≈≈≈≈≈≈≈S≈#≈.
##....≈≈≈≈≈≈≈≈≈≈≈≈≈≈≈≈.S
#.....#≈≈≈≈≈≈≈≈≈≈≈≈≈≈≈..
#....###################
##...#### #....#..#
#....'..#


You could see a bullfrog, an ooze (wandering), an adder, 3 ball pythons and a
frilled lizard.

Vanquished Creatures
  A bullfrog (Sewer)
  An orc priest (D:3)
  An orc wizard (D:2)
  Jessica (D:2)
  5 adders
  9 river rats
  5 dart slugs
  2 leopard geckos (D:2)
  3 orcs
  12 ball pythons
  8 bats
  3 giant cockroaches
  5 goblins
  3 hobgoblins
  4 kobolds
  2 quokkas (D:2)
  5 frilled lizards
  27 rats
97 creatures vanquished.

Vanquished Creatures (others)
  A human (D:2)
1 creature vanquished.

Grand Total: 98 creatures vanquished

Notes
Turn   | Place    | Note
-------+----------+-------------------------------------------
     0 | D:1      | Dreamer the Octopode Transmuter began the quest for the Orb.
     0 | D:1      | Reached XP level 1. HP: 13/13 MP: 3/3
    86 | D:1      | Reached XP level 2. HP: 14/18 MP: 5/5
   884 | D:2      | Reached XP level 3. HP: 23/23 MP: 6/6
   902 | D:2      | Learned a level 3 spell: Spider Form
  1317 | D:2      | Noticed Jessica
  1323 | D:2      | Killed Jessica
  1323 | D:2      | Reached XP level 4. HP: 21/29 MP: 7/7
  1329 | D:2      | Learned a level 4 spell: Ice Form
  1701 | D:2      | Found an ancient bone altar of Kikubaaqudgha.
  1701 | D:2      | Noticed a human
  1715 | D:2      | Killed a human
  1771 | D:2      | Found a glowing silver altar of Zin.
  2166 | D:2      | Found a shimmering altar of Xom.
  2169 | D:2      | Found a shimmering altar of Xom.
  2203 | D:2      | Found a shimmering altar of Xom.
  2203 | D:2      | Found a shimmering altar of Xom.
  2204 | D:2      | Found a shimmering altar of Xom.
  2250 | D:2      | Reached skill level 1 in Ice Magic
  2352 | D:2      | Found a deep blue altar of Sif Muna.
  2571 | D:2      | Reached XP level 5. HP: 9/34 MP: 5/8
  2829 | D:3      | Found an opulent altar of Gozag.
  2917 | D:3      | Found a glowing drain.
  2924 | Sewer    | Entered a sewer
  3309 | Sewer    | Reached XP level 6. HP: 38/39 MP: 9/9
  3991 | Sewer    | Slain by a bullfrog

Vault maps used:
D:1:      scummos_arrival_forest
D:2:      xom_redecorated, lemuel_coloured_pillars_altar,
          overflow_temple_1_default, chequers_big_river, minivault_4,
          tgw_kikubaaqudgha, uniq_jessica
D:3:      kennysheep_six_static_rooms, overflow_temple_1_default,
          lightli_sewer_entry_pipes
Sewer:    sewer_minmay_w

Skill      XL: |  1  2  3  4  5  6 |
---------------+-------------------+-----
Fighting       | 2 |  2.0
Unarmed Combat | 4 |  4.1
Ice Magic      | 1 2 3 |  3.5
Transmutations | 3 4 |  4.1
Dodging        | |  2.0
Spellcasting   | |  2.6

Action                   |  1- 3 |  4- 6 || total
-------------------------+-------+-------++-------
Melee: Unarmed           |    64 |   142 ||   206
       Constrict         |    19 |    35 ||    54
       Tentacles         |    14 |    21 ||    35
       Kick              |     3 |    17 ||    20
       Punch             |     2 |     2 ||     4
 Cast: Beastly Appendage |     4 |     8 ||    12
       Spider Form       |       |     2 ||     2
  Use: Scroll            |       |     1 ||     1
 Stab: Sleeping          |     8 |     3 ||    11
  Eat: Chunk             |     1 |     9 ||    10
Armor: Skin              |    12 |     6 ||    18
Dodge: Dodged            |    34 |    88 ||   122
Block: Other             |     7 |     9 ||    16

Table legend:
 A = Spawn XP
 B = Non-spawn XP
 C = Spawn XP percentage of total XP
 D = Spawn monster count
 E = Non-spawn monster count
 F = Spawn count percentage of total count
 G = Total turns spent on level
                    A         B        C        D         E        F      G
               +---------+---------+-------+---------+---------+-------+---------
         Total |       0 |     527 |   0.0 |       0 |      97 |   0.0 |  3991
               +---------+---------+-------+---------+---------+-------+---------
           D:1 |       0 |      33 |   0.0 |       0 |      19 |   0.0 |   871
           D:2 |       0 |     156 |   0.0 |       0 |      29 |   0.0 |  1918
           D:3 |       0 |      98 |   0.0 |       0 |       8 |   0.0 |   135
         Sewer |       0 |     240 |   0.0 |       0 |      41 |   0.0 |  1067
               +---------+---------+-------+---------+---------+-------+---------
